 Dungeon Crawl Stone Soup version 0.24-a0-583-g87330a484a (webtiles) character file.

Game seed: 10675470183677539740, levelgen mode: deterministic

0 Gynju the Skirmisher (level 1, -1/18 HPs)
             Began as a Formicid Abyssal Knight on Aug 28, 2019.
             Was an Initiate of Lugonu.
             Slain by a kobold
             ... wielding a +0 dagger
              (5 damage)
             ... on level 1 of the Dungeon.
             The game lasted 00:00:44 (56 turns).

Gynju the Skirmisher (Formicid Abyssal Knight)        Turns: 56, Time: 00:00:45

Health: -1/18      AC:  3    Str: 16    XL:     1   Next: 11%
Magic:  1/2        EV: 11    Int: 11    God:    Lugonu [......]
Gold:   55         SH:  0    Dex: 10    Spells: 0/0 levels left

rFire    . . .     SeeInvis +   a - +1 hand axe
rCold    . . .     Gourm    .   (no shield)
rNeg     . . .     Faith    .   b - +0 leather armour
rPois    .         Spirit   .   (helmet unavailable)
rElec    .         Reflect  .   (no cloak)
rCorr    .         Harm     .   (no gloves)
MR       .....                  (no boots)
Stlth    +.........             (no amulet)
HPRegen  0.06/turn              (no ring)
MPRegen  0.08/turn              (no ring)

@: no status effects
A: permanent stasis, dig shafts and tunnels, four strong arms, antennae 3
a: Dig, Shaft Self, Renounce Religion


You were on level 1 of the Dungeon.
You worshipped Lugonu.
Lugonu was noncommittal.
You were not hungry.

You visited 1 branch of the dungeon, and saw 1 of its levels.
You visited the Abyss 1 time.

You collected 55 gold pieces.

Inventory:

Hand Weapons
 a - a +1 hand axe (weapon)
Armour
 b - a +0 leather armour (worn)
Scrolls
 d - a scroll of identify {unknown}
Comestibles
 c - a ration


   Skills:
 + Level 3.3 Fighting
 + Level 2.0 Axes
 + Level 2.2 Armour
 + Level 0.8 Dodging
 + Level 2.2 Invocations


You couldn't memorise any spells.
You didn't know any spells.
Your spell library was empty.

Dungeon Overview and Level Annotations

Branches:
Dungeon (1/15)

Altars:


Innate Abilities, Weirdness & Mutations

You cannot be hasted, slowed, berserked, paralysed or teleported.
You can dig through walls and to a lower floor.
Your four strong arms can wield two-handed weapons with a shield.
You have a pair of large antennae on your head. (SInv)


Message History

A frilled lizard and a kobold come into view.
The frilled lizard hisses angrily.
The kobold shouts!
Found a lumpy puce potion and a scroll labeled TINEXT IMAE.
There is a staircase leading out of the dungeon here.
Found 10 gold pieces.
You slash the frilled lizard!
You kill the frilled lizard!
Lugonu accepts your kill.
A goblin comes into view.
The goblin shouts!
You see here a frilled lizard corpse.
A rat comes into view.
You closely miss the kobold. The kobold hits you but does no damage.
You hit the kobold.
The kobold is severely wounded.
The kobold hits you but does no damage.
You hit the kobold but do no damage.
The kobold is severely wounded.
The kobold hits you with a +0 dagger.
You die...

... ... ..$.
.... .....
..... .....
..... .....#
#r....
......###......
.......@g......
###....K....###
##.......##
#...<...#
#.......#
#......!..#
...............
..?...###......
.....# #.....


You could see a goblin, a kobold and a rat.

Vanquished Creatures
  A frilled lizard (D:1)
1 creature vanquished.

Notes
Turn   | Place    | Note
-------+----------+-------------------------------------------
     0 | Abyss:1  | Gynju the Formicid Abyssal Knight began the quest for the
                  | Orb.
     0 | Abyss:1  | Reached XP level 1. HP: 18/18 MP: 2/2
    41 | Abyss:2  | Noticed a thrashing horror
    47 | D:1      | Escaped the Abyss
    56 | D:1      | Slain by a kobold

Levels and vault maps discovered:
D:1:      minmay_arrival_four_circles, layout_loops_ring, patterned_corridor

Action                   || total
-------------------------++-------
Melee: Hand axe          ||     4
Invok: Depart the Abyss  ||     1
Armor: Leather armour    ||     2
Dodge: Dodged            ||     1

Table legend:
 A = Non-vault XP
 B = Vault XP
 C = Vault XP percentage of total XP
 D = Non-vault monster count
 E = Vault monster count
 F = Vault count percentage of total count
                 A         B        C        D         E       F
            +---------+---------+-------+---------+---------+-------
      Total |       1 |       0 |   0.0 |       1 |       0 |   0.0
            +---------+---------+-------+---------+---------+-------
        D:1 |       1 |       0 |   0.0 |       1 |       0 |   0.0
            +---------+---------+-------+---------+---------+-------
